 Dungeon Crawl Stone Soup version 0.28-a0-1235-g7c8fac35f0 (webtiles) character file.

Game seed: 16127384685763043813

14 r3xj the Sneak (level 2, -1/27 HPs)
             Began as a Minotaur Delver on Dec 24, 2021.
             Slain by an orc (3 damage)
             ... on level 4 of the Dungeon.
             The game lasted 00:01:12 (176 turns).

r3xj the Sneak (Minotaur Delver)                     Turns: 176, Time: 00:01:12

Health: -1/27      AC:  5    Str: 16    XL:     2   Next: 31%
Magic:  1/1        EV: 11    Int:  7    God:
Gold:   14         SH:  0    Dex: 11    Spells: 1/1 levels left

rFire   . . .      SeeInvis .   a - +0 mace
rCold   . . .      Faith    .   (no shield)
rNeg    . . .      Spirit   .   b - +0 leather armour
rPois   .          Reflect  .   (helmet restricted)
rElec   .          Harm     .   j - +1 cloak
rCorr   .          Rampage  .   (no gloves)
Will    .....                   (no boots)
Stlth   ++........              (no amulet)
HPRegen 0.09/turn               (no ring)
MPRegen 0.07/turn               (no ring)

@: no status effects
A: horns 2, retaliatory headbutt
a: no special abilities


You were on level 4 of the Dungeon.
You visited 1 branch of the dungeon, and saw 2 of its levels.

You collected 14 gold pieces.

Inventory:

Hand Weapons
 a - a +0 mace (weapon)
 h - a +0 war axe
Armour
 b - a +0 leather armour (worn)
 j - a +1 cloak (worn)
Wands
 g - a wand of digging (3)
Scrolls
 c - a scroll of fog
 d - a scroll of magic mapping
 e - a scroll of fear
 i - a scroll of silence {unknown}
Potions
 f - a potion of haste


   Skills:
 + Level 4.0 Fighting
 + Level 2.9 Maces & Flails
 + Level 1.2 Armour
 - Level 2.1 Dodging
 - Level 4.1 Stealth


You had one spell level left.
You didn't know any spells.
Your spell library was empty.

Dungeon Overview and Level Annotations

Branches:
Dungeon (5/15)
 Temple: D:4-7

Altars:


Innate Abilities, Weirdness & Mutations

You have a pair of horns on your head.
You reflexively headbutt those who attack you in melee.


Message History

You finish putting on your +1 cloak. 2 orcs come into view.
There are monsters nearby!
Unknown command.
No target in view!
The orc shouts! x2; You hear a shout!
An orc comes into view. It is wielding a +0 short sword.
You hit the orc.
The orc is almost dead.
The orc misses you. The orc barely misses you.
You closely miss the orc.
The orc is almost dead.
The orc hits you but does no damage.
You sock the orc!
You kill the orc!
You see here a +0 trident.
You closely miss the orc. The orc hits you with a +0 short sword.
The orc hits you with a +0 mace. The orc hits you with a +0 short sword.
You hit the orc but do no damage. The orc misses you.
The orc hits you but does no damage. The orc barely misses you.
You hit the orc.
The orc is heavily wounded.
The orc barely misses you. The orc hits you with a +0 mace.
You barely miss the orc.
The orc is heavily wounded.
The orc hits you with a +0 short sword. The orc hits you with a +0 mace.
* * * LOW HITPOINT WARNING * * *
You thump the orc!
You kill the orc!
The orc barely misses you.
Your Fighting skill increases to level 4!
The orc barely misses you.
Things that are here:
a +0 short sword; a +0 leather armour; an orc corpse The orc hits you with a +0 mace.
* * * LOW HITPOINT WARNING * * *
You hit the orc.
The orc is severely wounded.
The orc hits you with a +0 mace.
You die...

#... ....#
#...##.#.#
≈..######.....# #
#............##.#
..####.###......#
#.# ###.#### #.#
##)#.####
###.####o).....#
#.....##@##.##.#
#.....##.# ..#
#.....##.# .#
#.....##.# .#
#.†..>##.. .
########## ##


You could see an orc.

Vanquished Creatures
  An adder (D:4)
  2 orcs (D:4)
  A quokka (D:4)
4 creatures vanquished.

Vanquished Creatures (others)
  A plant (D:4)
1 creature vanquished.

Grand Total: 5 creatures vanquished

Notes
Turn   | Place    | Note
-------+----------+-------------------------------------------
     0 | D:5      | r3xj the Minotaur Delver began the quest for the Orb.
     0 | D:5      | Reached XP level 1. HP: 19/19 MP: 0/0
   131 | D:4      | Reached skill level 1 in Armour
   131 | D:4      | Reached XP level 2. HP: 27/27 MP: 1/1
   176 | D:4      | Slain by an orc

Illustrated notes

Levels and vault maps discovered:
D:4:      wander_river, layout_loops_cross, minmay_temple_entry_mist,
          ebering_dispersal_statue_hall, guppyfry_early_lair_pool
D:5:      layout_basic, gup_sewer_entry_bowl

Skill      XL: |  1  2 |
---------------+-------+-----
Armour         | 1 |  1.2
Fighting       | 4 |  4.0
Maces & Flails | |  2.9
Dodging        | |  2.1
Stealth        | |  4.1

Action                   || total
-------------------------++-------
Melee: Mace              ||    11
Armor: Leather armour    ||     2
Dodge: Dodged            ||    10

Table legend: (Time is in decaauts)
 A = Elapsed time spent in this place.
 B = Non-inter-level travel time spent in this place.
 C = Inter-level travel time spent in this place.
 D = Time resting spent in this place.
 E = Time spent auto-exploring this place.
 F = Levels seen in this place.
 G = Mean time per level.
                   A        B        C        D        E       F      G
               +--------+--------+--------+--------+--------+-----+--------+
         Total |    178 |    171 |      7 |      0 |    102 |   2 |   89.0 |
       Dungeon |    178 |    171 |      7 |      0 |    102 |   2 |   89.0 |
               +--------+--------+--------+--------+--------+-----+--------+

Top non-repeatable levels by time:
     D:5: 127 daAuts
     D:4: 51 daAuts
